| TOP OF THE 1ST |
|
Reading Phillies batting - Pitching for Manchester Fisher Cats : RHP Scott Roberts
|
|
Pitching: RHP Scott Roberts
|
|
|
Batting: LHB George Johnson
|
0-0: Ball 1-0: Ball 2-0: Ball 3-0: Base on Balls
|
|
Batting: LHB Paul Hertzler
|
0-0: Ball 1-0: Ball 2-0: Called Strike 2-1: Foul Ball, location: 2F 2-2: SINGLE (Groundball, 34D, EV 101.9 MPH) George Johnson to second Runner from 2nd tries for 3rd, SAFE, throw by RF made to third
|
|
Batting: LHB Martino Martin
|
0-0: Called Strike 0-1: Ball 1-1: SINGLE (Line Drive, 9S, EV 101.3 MPH) George Johnson scores Paul Hertzler to second
|
|
Batting: LHB Jerald Hammermeister
|
0-0: Ball 1-0: Ball 2-0: Foul Ball, location: 2F 2-1: Ball 3-1: Foul Ball, location: 2F 3-2: 3-RUN HOME RUN (Line Drive, 9D, EV 96.3 MPH), Distance : 379 ft
|
|
Batting: LHB Pedro Rabassa
|
0-0: Fly out, F7 (Flyball, 78S, EV 90.6 MPH)
|
|
Batting: RHB Gabe Morales
|
0-0: Called Strike 0-1: Ball 1-1: SINGLE (Line Drive, 78M, EV 106.3 MPH)
|
|
Batting: LHB Alex Mata
|
0-0: Ball 1-0: Foul Ball, location: 2F 1-1: Foul Ball, location: 2F 1-2: Ball 2-2: Foul Ball, location: 2F 2-2: Ball 3-2: Fly out, F9 (Line Drive, 9, EV 96.9 MPH)
|
|
Batting: RHB Mark Sproesser
|
0-0: Ball 1-0: Ball 2-0: Ball 3-0: Called Strike 3-1: Base on Balls Gabe Morales to second
|
|
Batting: RHB Daniel Davidsmeier
|
0-0: Called Strike 0-1: Ball 1-1: Ball 2-1: SINGLE (Groundball, 56D, EV 106.3 MPH) Gabe Morales to third Mark Sproesser to second
|
|
Batting: LHB George Johnson
|
0-0: Swinging Strike 0-1: Swinging Strike 0-2: Strikes out swinging
|
| Top of the 1st over - 4 runs, 5 hits, 0 errors, 3 left on base; Reading 4 - Manchester 0 |
| BOTTOM OF THE 1ST |
|
Manchester Fisher Cats batting - Pitching for Reading Phillies : LHP John Cerutti
|
|
Pitching: LHP John Cerutti
|
|
|
Batting: RHB Reymundo Estevez
|
0-0: Foul Ball, location: 2F 0-1: Fly out, F9 (Line Drive, 89M, EV 113.1 MPH)
|
|
Batting: LHB Tim Derryberry
|
0-0: Ball 1-0: Called Strike 1-1: Called Strike 1-2: Strikes out swinging
|
|
Batting: SHB Stan Javier
|
0-0: Foul Ball, location: 2F 0-1: Ball 1-1: Called Strike 1-2: Foul Ball, location: 2F 1-2: SINGLE (Line Drive, 4MD, EV 103.8 MPH)
|
|
Batting: LHB Jessie Reid
|
0-0: Called Strike 0-1: Foul Ball, location: 2F 0-2: Foul Ball, location: 2F 0-2: Strikes out swinging
|
| Bottom of the 1st over - 0 runs, 1 hit, 0 errors, 1 left on base; Reading 4 - Manchester 0 |
| TOP OF THE 2ND |
|
Reading Phillies batting - Pitching for Manchester Fisher Cats : RHP Scott Roberts
|
|
Batting: LHB Paul Hertzler
|
0-0: Foul Ball, location: 2F 0-1: Ground out U3 (Groundball, 3, EV 95.6 MPH)
|
|
Batting: LHB Martino Martin
|
0-0: SINGLE (Groundball, 34D, EV 93.8 MPH)
|
|
Batting: LHB Jerald Hammermeister
|
0-0: Called Strike 0-1: Ball 1-1: Called Strike 1-2: Ball 2-2: Foul Ball, location: 2F 2-2: Ball 3-2: 2-RUN HOME RUN (Flyball, 9D, EV 90.0 MPH), Distance : 350 ft
|
|
Batting: LHB Pedro Rabassa
|
0-0: Called Strike 0-1: Called Strike 0-2: Foul Ball, location: 2F 0-2: Ball 1-2: SINGLE (Flyball, 56D, EV 91.9 MPH)
|
|
Pitching: RHP Jesse Flores
|
|
|
Batting: RHB Gabe Morales
|
0-0: DOUBLE (Flyball, 89XD, EV 98.1 MPH) Pedro Rabassa to third Runner from 3rd tries for Home, SAFE, throw by CF to trailing runner, SAFE at third!
|
|
Batting: LHB Alex Mata
|
0-0: SINGLE (Flyball, 8RS, EV 93.1 MPH) Gabe Morales scores
|
|
Batting: RHB Mark Sproesser
|
0-0: Fielders Choice at 2nd, 1-6 (Groundball, 13S, EV 65.0 MPH)
|
|
Batting: RHB Daniel Davidsmeier
|
0-0: Called Strike 0-1: Swinging Strike 0-2: Foul Ball, location: 2F 0-2: Strikes out looking
|
| Top of the 2nd over - 4 runs, 5 hits, 0 errors, 1 left on base; Reading 8 - Manchester 0 |
| BOTTOM OF THE 2ND |
|
Manchester Fisher Cats batting - Pitching for Reading Phillies : LHP John Cerutti
|
|
Batting: SHB Danny Hernandez
|
0-0: Ball 1-0: Fly out, F8 (Line Drive, 8LD, EV 105.0 MPH)
|
|
Batting: LHB Mel Hall
|
0-0: Ball 1-0: Ball 2-0: Ground out 4-3 (Groundball, 4S, EV 69.4 MPH)
|
|
Batting: RHB Tony Stevens
|
0-0: Called Strike 0-1: Called Strike 0-2: Ball 1-2: Ball 2-2: Foul Ball, location: 2F 2-2: Strikes out swinging
|
| Bottom of the 2nd over - 0 runs, 0 hits, 0 errors, 0 left on base; Reading 8 - Manchester 0 |
| TOP OF THE 3RD |
|
Reading Phillies batting - Pitching for Manchester Fisher Cats : RHP Jesse Flores
|
|
Batting: LHB George Johnson
|
0-0: Called Strike 0-1: Ball 1-1: Ball 2-1: Ball 3-1: Foul Ball, location: 2F 3-2: Foul Ball, location: 2F 3-2: Ground out 1-3 (Groundball, 25, EV 70.0 MPH)
|
|
Batting: LHB Paul Hertzler
|
0-0: Ball 1-0: Ball 2-0: Ball 3-0: Base on Balls
|
|
Batting: LHB Martino Martin
|
0-0: Ball 1-0: Swinging Strike 1-1: Called Strike 1-2: Ball Wild Pitch! Paul Hertzler to second 2-2: Fly out, F6 (Line Drive, 6, EV 74.4 MPH)
|
|
Batting: LHB Jerald Hammermeister
|
0-0: Called Strike 0-1: Called Strike 0-2: Ball 1-2: Ball 2-2: Strikes out looking
|
| Top of the 3rd over - 0 runs, 0 hits, 0 errors, 1 left on base; Reading 8 - Manchester 0 |
| BOTTOM OF THE 3RD |
|
Manchester Fisher Cats batting - Pitching for Reading Phillies : LHP John Cerutti
|
|
Batting: RHB Randy Johnson
|
0-0: Ball 1-0: Called Strike 1-1: Swinging Strike 1-2: DOUBLE (Line Drive, 7LM, EV 95.6 MPH)
|
|
Batting: RHB Buddy Pryor
|
0-0: Called Strike 0-1: Ball 1-1: Swinging Strike 1-2: Foul Ball, location: 2F 1-2: Strikes out swinging
|
|
Batting: RHB Reymundo Estevez
|
0-0: Ball 1-0: Ball 2-0: Called Strike 2-1: Foul Ball, location: 2F 2-2: Foul Ball, location: 2F 2-2: Ground out 6-3 (Groundball, 6, EV 84.4 MPH)
|
|
Batting: LHB Tim Derryberry
|
0-0: Ball 1-0: Swinging Strike 1-1: Foul Ball, location: 2F 1-2: Fly out, F7 (Flyball, 7S, EV 85.6 MPH)
|
| Bottom of the 3rd over - 0 runs, 1 hit, 0 errors, 1 left on base; Reading 8 - Manchester 0 |
| TOP OF THE 4TH |
|
Reading Phillies batting - Pitching for Manchester Fisher Cats : RHP Jesse Flores
|
|
Batting: LHB Pedro Rabassa
|
0-0: Called Strike 0-1: Ball 1-1: Called Strike 1-2: Foul Ball, location: 2F 1-2: Ball 2-2: Ground out 4-3 (Groundball, 4, EV 106.3 MPH)
|
|
Batting: RHB Gabe Morales
|
0-0: Ball 1-0: Ball 2-0: Called Strike 2-1: SINGLE (Groundball, 4D, EV 105.0 MPH)
|
|
Batting: LHB Alex Mata
|
0-0: Ball 1-0: SINGLE (Line Drive, 89M, EV 91.9 MPH) Gabe Morales to second
|
|
Batting: RHB Mark Sproesser
|
0-0: Called Strike 0-1: Foul Ball, location: 2F 0-2: Ball 1-2: Foul Ball, location: 2F 1-2: DOUBLE (Groundball, 5L, EV 109.4 MPH) Gabe Morales scores Alex Mata to third Runner from 3rd tries for Home, SAFE, throw by LF to trailing runner, OUT at third! 7-6-5
|
|
Batting: RHB Daniel Davidsmeier
|
0-0: Ball 1-0: Ground out 6-3 (Groundball, 6, EV 90.6 MPH)
|
| Top of the 4th over - 2 runs, 3 hits, 0 errors, 0 left on base; Reading 10 - Manchester 0 |
| BOTTOM OF THE 4TH |
|
Manchester Fisher Cats batting - Pitching for Reading Phillies : LHP John Cerutti
|
|
Batting: SHB Stan Javier
|
0-0: SINGLE (Line Drive, 8RS, EV 100.6 MPH)
|
|
Batting: LHB Jessie Reid
|
0-0: Fielders Choice at 2nd, 6-4 (Groundball, 6, EV 102.5 MPH)
|
|
Batting: SHB Danny Hernandez
|
0-0: Grounds into double play, 4-6-3 (Groundball, 4, EV 90.6 MPH)
|
| Bottom of the 4th over - 0 runs, 1 hit, 0 errors, 0 left on base; Reading 10 - Manchester 0 |
| TOP OF THE 5TH |
|
Reading Phillies batting - Pitching for Manchester Fisher Cats : RHP Jesse Flores
|
|
Batting: LHB George Johnson
|
0-0: Ball 1-0: Ball 2-0: Ball 3-0: Base on Balls
|
|
Batting: LHB Paul Hertzler
|
0-0: Ball 1-0: Called Strike 1-1: Foul Ball, location: 2F 1-2: Ball 2-2: Ball 3-2: Base on Balls George Johnson to second
|
|
Batting: LHB Martino Martin
|
0-0: Grounds into double play, 4-6-3 (Groundball, 34, EV 106.9 MPH) George Johnson to third
|
|
Batting: LHB Jerald Hammermeister
|
0-0: Ball 1-0: Ball 2-0: Foul Ball, location: 2F 2-1: Ball 3-1: Called Strike 3-2: Foul Ball, location: 2F 3-2: Base on Balls
|
|
Batting: LHB Pedro Rabassa
|
0-0: Called Strike 0-1: Swinging Strike 0-2: Strikes out looking
|
| Top of the 5th over - 0 runs, 0 hits, 0 errors, 2 left on base; Reading 10 - Manchester 0 |
| BOTTOM OF THE 5TH |
|
Manchester Fisher Cats batting - Pitching for Reading Phillies : LHP John Cerutti
|
|
Batting: LHB Mel Hall
|
0-0: DOUBLE (Line Drive, 9LM, EV 103.1 MPH)
|
|
Batting: RHB Tony Stevens
|
0-0: SINGLE (Flyball, 3D, EV 98.8 MPH) Mel Hall to third
|
|
Batting: RHB Randy Johnson
|
0-0: SINGLE (Groundball, 5D, EV 93.8 MPH) Mel Hall scores Tony Stevens to second
|
|
Batting: RHB Buddy Pryor
|
0-0: Called Strike 0-1: Ball 1-1: Ball 2-1: Called Strike 2-2: Ball 3-2: Fly out, F7 (Flyball, 7D, EV 95.6 MPH) Runner from 2nd tags up, SAFE at 3rd, no throw by LF
|
|
Batting: RHB Reymundo Estevez
|
0-0: Ball 1-0: Ball 2-0: Foul Ball, location: 2F 2-1: Ball 3-1: Fly out, F3 (Flyball, 3D, EV 72.5 MPH)
|
|
Batting: LHB Tim Derryberry
|
0-0: Ball 1-0: Ball 2-0: Called Strike 2-1: Ground out 4-3 (Groundball, 4S, EV 68.1 MPH)
|
| Bottom of the 5th over - 1 run, 3 hits, 0 errors, 2 left on base; Reading 10 - Manchester 1 |
| TOP OF THE 6TH |
|
Reading Phillies batting - Pitching for Manchester Fisher Cats : RHP Jesse Flores
|
|
Batting: RHB Gabe Morales
|
0-0: Called Strike 0-1: Called Strike 0-2: Ball 1-2: Ball 2-2: Ball 3-2: Foul Ball, location: 2F 3-2: Fly out, F4 (Popup, 3DF, EV 47.5 MPH)
|
|
Batting: LHB Alex Mata
|
0-0: Called Strike 0-1: Ball 1-1: Swinging Strike 1-2: Foul Ball, location: 2F 1-2: Foul Ball, location: 2F 1-2: Ball 2-2: SINGLE (Popup, 6D, EV 56.9 MPH)
|
|
Pitching: RHP Keith Creel
|
|
|
Batting: RHB Mark Sproesser
|
0-0: SINGLE (Flyball, 9LS, EV 94.4 MPH) Alex Mata to second
|
|
Batting: RHB Daniel Davidsmeier
|
0-0: Ball 1-0: Ball 2-0: Reached on error, E6 (Groundball, 6, EV 91.9 MPH) Alex Mata to third Mark Sproesser to second
|
|
Batting: LHB George Johnson
|
0-0: Ball 1-0: Ball 2-0: Swinging Strike 2-1: Ball 3-1: Foul Ball, location: 2F 3-2: Foul Ball, location: 2F 3-2: Foul Ball, location: 2F 3-2: Base on Balls Alex Mata scores Mark Sproesser to third Daniel Davidsmeier to second
|
|
Batting: LHB Paul Hertzler
|
0-0: Ball 1-0: Swinging Strike 1-1: Swinging Strike 1-2: Ball 2-2: Strikes out looking
|
|
Batting: LHB Martino Martin
|
0-0: Swinging Strike 0-1: Foul Ball, location: 2F 0-2: Foul Ball, location: 2F 0-2: Foul Ball, location: 2F 0-2: Reached via error on a dropped throw from 2B, E3 (Groundball, P, EV 78.8 MPH) Mark Sproesser scores Daniel Davidsmeier to third George Johnson to second
|
|
Batting: LHB Jerald Hammermeister
|
0-0: Ball 1-0: Foul Ball, location: 2F 1-1: Called Strike 1-2: Ball 2-2: Ball 3-2: Strikes out looking
|
| Top of the 6th over - 2 runs, 2 hits, 2 errors, 3 left on base; Reading 12 - Manchester 1 |
| BOTTOM OF THE 6TH |
|
Manchester Fisher Cats batting - Pitching for Reading Phillies : LHP John Cerutti
|
|
Batting: SHB Stan Javier
|
0-0: Ball 1-0: Ball 2-0: Foul Ball, location: 2F 2-1: Foul Ball, location: 2F 2-2: Fly out, F3 (Line Drive, 3, EV 68.8 MPH)
|
|
Batting: LHB Jessie Reid
|
0-0: Called Strike 0-1: Ball 1-1: Swinging Strike 1-2: Strikes out swinging
|
|
Batting: SHB Danny Hernandez
|
0-0: Ball 1-0: SINGLE (Flyball, 9LM, EV 86.3 MPH)
|
|
Batting: LHB Mel Hall
|
0-0: Foul Ball, location: 2F 0-1: Ball 1-1: Called Strike 1-2: DOUBLE (Groundball, 3L, EV 104.4 MPH) Danny Hernandez to third Runner from 3rd tries for Home, SAFE, throw by RF to home
|
|
Batting: RHB Tony Stevens
|
0-0: Ball 1-0: Ball 2-0: Called Strike 2-1: Ball 3-1: Called Strike 3-2: Foul Ball, location: 2F 3-2: Base on Balls
|
|
Batting: RHB Randy Johnson
|
0-0: Called Strike 0-1: Ball 1-1: Swinging Strike 1-2: SINGLE (Line Drive, 9LS, EV 102.5 MPH) Mel Hall to third Tony Stevens to second Runner from 3rd tries for Home, SAFE, throw by RF to home
|
|
Batting: RHB Buddy Pryor
|
0-0: Ball 1-0: Called Strike 1-1: Ground out 5-3 (Groundball, 56, EV 99.4 MPH)
|
| Bottom of the 6th over - 2 runs, 3 hits, 0 errors, 2 left on base; Reading 12 - Manchester 3 |
| TOP OF THE 7TH |
|
Reading Phillies batting - Pitching for Manchester Fisher Cats : RHP Keith Creel
|
|
Pinch Hitting: LHB Billy Weems
|
0-0: Called Strike 0-1: Ball 1-1: Swinging Strike 1-2: Ball 2-2: Fly out, F8 (Flyball, 8RD, EV 96.9 MPH)
|
|
Batting: RHB Gabe Morales
|
0-0: Called Strike 0-1: Ball 1-1: Foul Ball, location: 2F 1-2: Ball 2-2: Ball 3-2: Strikes out looking
|
|
Batting: LHB Alex Mata
|
0-0: Foul Ball, location: 2F 0-1: Ball 1-1: Ball 2-1: Foul Ball, location: 2F 2-2: Foul Ball, location: 2F 2-2: Foul Ball, location: 2F 2-2: Ball 3-2: Foul Ball, location: 2F 3-2: DOUBLE (Line Drive, 78M, EV 96.9 MPH)
|
|
Batting: RHB Mark Sproesser
|
0-0: Ball 1-0: Ball 2-0: Called Strike 2-1: Ground out U3 (Groundball, 34, EV 83.1 MPH)
|
| Top of the 7th over - 0 runs, 1 hit, 0 errors, 1 left on base; Reading 12 - Manchester 3 |
| BOTTOM OF THE 7TH |
|
Manchester Fisher Cats batting - Pitching for Reading Phillies : LHP John Cerutti
|
|
Now in RF: Ricardo Rivera
|
|
|
Batting: RHB Reymundo Estevez
|
0-0: Called Strike 0-1: Ball 1-1: Foul Ball, location: 2F 1-2: Ball 2-2: Ball 3-2: Base on Balls
|
|
Batting: LHB Tim Derryberry
|
0-0: Ball 1-0: 2-RUN HOME RUN (Flyball, 9D, EV 108.8 MPH), Distance : 371 ft
|
|
Batting: SHB Stan Javier
|
0-0: Ball 1-0: Swinging Strike 1-1: Called Strike 1-2: Strikes out swinging, 2-3 out at first.
|
|
Batting: LHB Jessie Reid
|
0-0: Ball 1-0: Foul Ball, location: 2F 1-1: Fly out, F5 (Popup, 56, EV 60.6 MPH)
|
|
Batting: SHB Danny Hernandez
|
0-0: Called Strike 0-1: Swinging Strike 0-2: Ball 1-2: Strikes out swinging
|
| Bottom of the 7th over - 2 runs, 1 hit, 0 errors, 0 left on base; Reading 12 - Manchester 5 |
| TOP OF THE 8TH |
|
Reading Phillies batting - Pitching for Manchester Fisher Cats : RHP Keith Creel
|
|
Batting: RHB Daniel Davidsmeier
|
0-0: Fly out, F9 (Flyball, 89D, EV 97.5 MPH)
|
|
Pitching: RHP Peter Teixeira
|
|
|
Batting: LHB George Johnson
|
0-0: Swinging Strike 0-1: Ball 1-1: Ball 2-1: Fly out, F6 (Line Drive, 6, EV 71.3 MPH)
|
|
Batting: LHB Paul Hertzler
|
0-0: Called Strike 0-1: Ball 1-1: Ball 2-1: Swinging Strike 2-2: Ball 3-2: Base on Balls
|
|
Batting: LHB Martino Martin
|
0-0: Ball 1-0: Ball 2-0: Called Strike 2-1: Ball 3-1: Called Strike 3-2: SINGLE (Groundball, 6D, EV 108.8 MPH) Paul Hertzler to second Paul Hertzler to third
|
|
Batting: LHB Jerald Hammermeister
|
0-0: Swinging Strike 0-1: Ball 1-1: Ball 2-1: Ball 3-1: Swinging Strike 3-2: Foul Ball, location: 2F 3-2: Base on Balls Martino Martin to second
|
|
Batting: RHB Ricardo Rivera
|
0-0: Called Strike 0-1: Fly out, F7 (Flyball, 78S, EV 78.1 MPH)
|
| Top of the 8th over - 0 runs, 1 hit, 0 errors, 3 left on base; Reading 12 - Manchester 5 |
| BOTTOM OF THE 8TH |
|
Manchester Fisher Cats batting - Pitching for Reading Phillies : LHP John Cerutti
|
|
Batting: LHB Mel Hall
|
0-0: Fly out, F8 (Flyball, 78XD, EV 111.9 MPH)
|
|
Batting: RHB Tony Stevens
|
0-0: Called Strike 0-1: Ground out 4-3 (Groundball, 4, EV 81.3 MPH)
|
|
Batting: RHB Randy Johnson
|
0-0: Ground out 4-3 (Groundball, 4S, EV 82.5 MPH)
|
| Bottom of the 8th over - 0 runs, 0 hits, 0 errors, 0 left on base; Reading 12 - Manchester 5 |
| TOP OF THE 9TH |
|
Reading Phillies batting - Pitching for Manchester Fisher Cats : RHP Peter Teixeira
|
|
Batting: RHB Gabe Morales
|
0-0: Called Strike 0-1: Ball 1-1: Foul Ball, location: 2F 1-2: Strikes out swinging
|
|
Batting: LHB Alex Mata
|
0-0: Ball 1-0: Ball 2-0: SINGLE (Groundball, 34D, EV 94.4 MPH)
|
|
Batting: RHB Mark Sproesser
|
0-0: DOUBLE (Groundball, 5L, EV 104.4 MPH) Alex Mata to third Alex Mata scores
|
|
Batting: RHB Daniel Davidsmeier
|
0-0: Fly out, F7 (Line Drive, 7, EV 100.6 MPH)
|
|
Batting: LHB George Johnson
|
0-0: Foul Ball, location: 2F 0-1: Ball 1-1: Called Strike 1-2: Ball 2-2: Foul Ball, location: 2F 2-2: Ball 3-2: SINGLE (Flyball, 5D, EV 96.3 MPH) Mark Sproesser to third Mark Sproesser scores
|
|
Batting: LHB Paul Hertzler
|
0-0: Ball 1-0: DOUBLE (Line Drive, 89M, EV 107.5 MPH) George Johnson to third Runner from 3rd tries for Home, SAFE, no throw by RF
|
|
Pitching: RHP Stephen Marsden
|
|
|
Batting: LHB Martino Martin
|
0-0: Ball 1-0: Called Strike 1-1: SINGLE (Line Drive, 78M, EV 90.6 MPH) Paul Hertzler to third Runner from 3rd tries for Home, SAFE, throw by LF to home
|
|
Batting: LHB Jerald Hammermeister
|
0-0: Ball 1-0: Called Strike 1-1: Ball 2-1: Foul Ball, location: 2F 2-2: Ball 3-2: Base on Balls Martino Martin to second
|
|
Batting: RHB Ricardo Rivera
|
0-0: Ball 1-0: Ball 2-0: Ball 3-0: Foul Ball, location: 2F 3-1: SINGLE (Groundball, 23, EV 63.1 MPH) (infield hit) Martino Martin to third Jerald Hammermeister to second
|
|
Batting: RHB Gabe Morales
|
0-0: SINGLE (Line Drive, 7S, EV 111.3 MPH) Martino Martin scores Jerald Hammermeister to third Ricardo Rivera to second Runner from 3rd tries for Home, SAFE, throw by LF to home
|
|
Pinch Hitting: SHB Christopher Chavez
|
0-0: Ball 1-0: Foul Ball, location: 2F 1-1: Foul Ball, location: 2F 1-2: Ball 2-2: Foul Ball, location: 2F 2-2: Ball 3-2: DOUBLE (Line Drive, 3D, EV 94.4 MPH) Ricardo Rivera scores Gabe Morales to third Gabe Morales scores
|
|
Pitching: LHP Carlos Cabassa
|
|
|
Batting: RHB Mark Sproesser
|
0-0: Swinging Strike 0-1: Foul Ball, location: 2F 0-2: Ball 1-2: Foul Ball, location: 2F 1-2: SINGLE (Line Drive, 9S, EV 93.8 MPH) Christopher Chavez to third Runner from 3rd tries for Home, SAFE, throw by RF to home
|
|
Batting: RHB Daniel Davidsmeier
|
0-0: Called Strike 0-1: Ball 1-1: Ball 2-1: Ball 3-1: Called Strike 3-2: Fly out, F9 (Flyball, 9, EV 83.8 MPH)
|
| Top of the 9th over - 9 runs, 9 hits, 0 errors, 1 left on base; Reading 21 - Manchester 5 |
| BOTTOM OF THE 9TH |
|
Manchester Fisher Cats batting - Pitching for Reading Phillies : LHP John Cerutti
|
|
Now at SS: Christopher Chavez
|
|
|
Batting: RHB Buddy Pryor
|
0-0: Swinging Strike 0-1: Swinging Strike 0-2: Ball 1-2: Foul Ball, location: 2F 1-2: Fly out, F9 (Flyball, 9D, EV 104.4 MPH)
|
|
Batting: RHB Reymundo Estevez
|
0-0: Ball 1-0: Foul Ball, location: 2F 1-1: Foul Ball, location: 5F, Error on foul ball, E5 1-2: Foul Ball, location: 2F 1-2: Ball 2-2: Fly out, F6 (Line Drive, 6, EV 72.5 MPH)
|
|
Batting: LHB Tim Derryberry
|
0-0: Ball 1-0: Ball 2-0: Foul Ball, location: 2F 2-1: Foul Ball, location: 2F 2-2: Foul Ball, location: 2F 2-2: Foul Ball, location: 2F 2-2: Ground out 4-3 (Groundball, 4, EV 90.0 MPH)
|
| Bottom of the 9th over - 0 runs, 0 hits, 1 error, 0 left on base; Reading 21 - Manchester 5 |
|